AoeStats
← Sassy Susan

Fortress

509858422Analyzed
3v3 RM · 4d ago on Sep 28, 2026· 49m 31s· 6 players
Game mode
Random Map
Map size
Large (8 player)
Population
200
Speed
Normal
Resources
Standard
Victory
Conquest
Starting age
Dark Age
Ending age
Imperial Age
RankedLock teamsTeams togetherTeam positionsShared explorationLock speedFull tech treeHidden civsTurbo modeCheats
Victory
Defeat
🇳🇴 Romans · Norway
1627
+3
🇬🇧 Huns · United Kingdom
1307
+11
🇦🇺 Khmer · Australia
1206
+15
🇹🇼 Burgundians · Taiwan
1283
-12
🇫🇷 Danes · France
1222
-9
🇩🇪 Jurchens · Germany
1190
-8
Farmer Tunn
7:41 Feudal Age
10:52 Castle Age
9:54 Double-Bit Axe
12:06 Scale Barding Armor
12:09 Horse Collar
13:08 Bow Saw
22:10 Chain Barding Armor
24:26 Forging
25:15 Fletching
28:42 Loom
29:32 Wheelbarrow
30:39 Bloodlines
29:50 Light Cavalry
32:39 Gold Mining
35:50 Imperial Age
33:08 Town Watch
33:58 Husbandry
35:50 Iron Casting
36:21 Hussar
40:01 Plate Barding Armor
42:23 Blast Furnace
41:20 Bodkin Arrow
48:46 Double Crossbow
49:07 Conscription
49:07 Siege Engineers
Sassy Susan
8:34 Feudal Age
9:10 Double-Bit Axe
12:16 Castle Age
10:01 Horse Collar
11:46 Gold Mining
13:07 Bow Saw
17:03 Wheelbarrow
18:56 Hand Cart
18:41 Loom
18:42 Town Watch
20:20 Stone Mining
25:31 Imperial Age
24:12 Fletching
25:42 Pikeman
26:23 Scale Mail Armor
26:34 Forging
26:44 Halberdier
27:45 Squires
28:20 Chain Mail Armor
29:10 Iron Casting
31:51 Blast Furnace
30:20 Heavy Scorpion
32:46 Ballistas
33:44 Chemistry
33:08 Ballistics
33:02 Scale Barding Armor
38:57 Conscription
43:22 Coinage
46:48 Heavy Plow
49:09 Banking
Glynfidditch
8:06 Feudal Age
9:29 Loom
11:59 Castle Age
10:53 Bloodlines
10:31 Horse Collar
12:04 Scale Barding Armor
16:42 Husbandry
16:58 Scale Mail Armor
17:11 Forging
19:12 Heavy Plow
21:53 Stone Mining
21:55 Gold Mining
24:43 Chain Barding Armor
26:53 Devotion
30:47 Imperial Age
29:33 Iron Casting
28:50 Light Cavalry
30:10 Wheelbarrow
30:48 Masonry
30:59 Marauders
31:23 Cavalier
33:44 Plate Barding Armor
35:01 Paladin
35:20 Hussar
39:30 Conscription
43:35 Blast Furnace
46:20 Double-Bit Axe
48:24 Atheism
47:32 Elite Tarkan
48:33 Atheism
LLBHLJ
2:32 Loom
7:57 Feudal Age
11:40 Castle Age
9:53 Double-Bit Axe
10:09 Horse Collar
18:57 Stone Mining
22:29 Imperial Age
21:12 Bow Saw
21:03 Heavy Plow
21:23 Town Watch
22:13 Wheelbarrow
26:58 Town Patrol
31:50 Chemistry
33:45 Hand Cart
37:09 Crossbowman
42:36 Heavy Scorpion
45:58 Man-at-Arms
Minister of Silly Walks
6:27 Feudal Age
7:00 Double-Bit Axe
12:31 Castle Age
10:21 Loom
13:29 Scale Mail Armor
13:52 Bow Saw
21:49 Horse Collar
26:20 Wheelbarrow
28:18 Town Watch
30:23 Heavy Plow
32:03 Gold Mining
35:06 Imperial Age
34:33 Chain Mail Armor
34:29 Forging
34:02 Hamask
35:13 Squires
35:00 Gambesons
35:02 Arson
35:45 Onager
37:24 Plate Mail Armor
39:15 Conscription
38:52 Elite Varangian Guard
41:49 Iron Casting
49:19 Blast Furnace
IAMDAGG
6:56 Feudal Age
5:37 Double-Bit Axe
6:03 Horse Collar
7:56 Bow Saw
13:16 Castle Age
11:16 Gold Mining
13:00 Gold Shaft Mining
13:31 Heavy Plow
13:50 Scale Barding Armor
13:55 Forging
14:15 Husbandry
21:33 Town Watch
27:05 Imperial Age
25:11 Wheelbarrow
24:21 Loom
25:31 Town Patrol
26:48 Two-Man Saw
28:07 Chain Barding Armor
28:22 Iron Casting
27:16 Cavalier
28:19 Hand Cart
27:57 Stone Mining
28:39 Crop Rotation
29:09 Paladin
30:28 Plate Barding Armor
33:20 Blast Furnace
33:30 Burgundian Vineyards
33:25 Light Cavalry
35:31 Hussar
38:26 Stone Shaft Mining
37:43 Fletching
43:14 Conscription
44:48 Pikeman
45:28 Squires
45:31 Scale Mail Armor
46:57 Chain Mail Armor
46:21 Halberdier
Connection lost

Rejoining the realm…

Still unreachable

The connection could not be restored.

Session expired

The server has moved on; the page needs a fresh start.